[Event "NJSK 2023 Jeugd B"]
[Site "Almelo, Netherlands"]
[Date "2023.05.06"]
[Round "7.2"]
[White "Labruyere, Roger"]
[Black "Bakija, Alan"]
[Result "1-0"]
[TimeControl "90min/40moves + 30min + 30sec/move"]
[WhiteElo "2160"]
[BlackElo "1999"]

1. e4 c5 2. Nf3 g6 3. c3 Nf6 4.
e5 Nd5 5. Bc4 Nb6 6. Bb3 Bg7 7. O-O O-O 8. d4 cxd4 9. cxd4 Nc6 10. Qe2 Na5 11. Nc3 Nxb3 12. axb3 d6 13. Rd1 Bg4 14.
Bf4 dxe5 15. dxe5 Qc8 16. h3 Bxf3 17. Qxf3 Qf5 18. Rac1 Bxe5 19. Bxe5 Qxe5 20. Qxb7 Qe6 21. b4 Rfb8 22.
Qf3 Qb3 23. Qe4 Qxb2 24. Nb5 Rd8 25. Nc7 Rac8 26. Qxe7 Rd4 27. Rb1 Qc3 28. Nb5 Rxd1+ 29. Rxd1 Qc2 30. Rd8+ Rxd8 31. Qxd8+ Kg7 32.
Qd4+ Kg8 33. Nd6 Qc1+ 34. Kh2 Qc7 35. g3 Qd7 36. Qe5 Qe6 37. Qc5 Qe7 38. b5 h6 39. Qc6 Qf6 40. Kg2 Qe7 41.
h4 h5 42. Ne8 Kf8 43. Nc7 Kg7 44. Kh2 Kh7 45. Na6 Kg7 46. Qc3+ Kg8 47. Nb4 Qe2 48. Nd3 Qe7 49. Ne5 Qf6 50.
Qe3 Qe7 51. Nc6 Qxe3 52. fxe3 Nc8 53. Kg2 Kf8 54. Kf3 Ke8 55. Kf4 f6 56. e4 Kd7 57. e5 Ke6 58. Nd4+ Kf7 59. exf6 Kxf6 60. Nc6 Ke6 61. Kg5 Kf7 62.
Ne5+ Kg7 63. Nxg6 Nd6 64. Ne5 Nxb5 65. Nc6 a6 66. Kxh5 Nd6 67. Na5 Ne4 68. g4 Nf6+ 69. Kg5 Nh7+ 70.
Kf5 Nf6 71. g5 Nh5 72. Kg4 Kg6 73. Nc4 Ng7 74. h5+ Nxh5 75. Ne5+ Kg7 76. Kxh5 a5 77. g6 a4 78. Nc4 Kg8 79.
Kh6 Kh8 80. g7+ Kg8 81. Na3 1-0

[Event "NJSK 2023 Jeugd B"]
[Site "Almelo, Netherlands"]
[Date "2023.05.06"]
[Round "7.3"]
[White "Van Foreest, Nanne"]
[Black "Van Hesselingen, Guido"]
[Result "1/2-1/2"]
[TimeControl "90min/40moves + 30min + 30sec/move"]
[WhiteElo "1893"]
[BlackElo "1924"]

1. e4 e5 2. Nf3 Nc6 3. Nc3 Nf6 4. d4 exd4 5. Nxd4 Bb4 6. Nxc6 bxc6 7. Bd3 d5 8. exd5 cxd5 9. O-O O-O 10.
Bg5 c6 11. h3 a5 12. Qf3 Ba6 13. Ne2 Bxd3 14. Qxd3 Qd6 15. c3 Bc5 16. Bxf6 Qxf6 17. Nd4 Rfe8 18. Rfe1 g6 19. Rad1 Rxe1+ 20. Rxe1 Bxd4 21. cxd4 Rb8 22. Qc3 Rb4 23. Re8+ Kg7 24. Qc5 Kh6 25. Qf8+ Qg7 26. Qe7 Qxd4 27. Qxf7 Qf4 28. Qxf4+ Rxf4 29.
b3 a4 30. Re6 axb3 31. axb3 c5 32. Rc6 c4 33. bxc4 dxc4 34. g3 Rd4 35. Kg2 Kg5 36. Kf3 Kf5 37. Ke3 Re4+ 38. Kf3 Rd4 39.
Ke3 Rd3+ 40. Ke2 Rd4 41. Ke3 1/2-1/2

[Event "NJSK 2023 Jeugd B"]
[Site "Almelo, Netherlands"]
[Date "2023.05.06"]
[Round "7.4"]
[White "Van Egmond, Tom"]
[Black "Van Arendonk, Polle"]
[Result "0-1"]
[TimeControl "90min/40moves + 30min + 30sec/move"]
[WhiteElo "1767"]
[BlackElo "1772"]

1. d4 Nf6 2. c4 g6 3. h4 c5 4. d5 d6 5. Nc3 e6 6. e4 exd5 7. cxd5 Qe7 8. Qc2 Nbd7 9. Be2 a6 10.
a4 b6 11. Nf3 Bg7 12. Nd2 Rb8 13. f4 h5 14. Nc4 Ng4 15. Bxg4 hxg4 16. g3 Bxc3+ 17. bxc3 Nf6 18. Kf2 O-O 19.
Re1 Re8 20. e5 dxe5 21. Rxe5 Qd7 22. Rxe8+ Qxe8 23. Nd6 Qe7 24. Nxc8 Rxc8 25. c4 Re8 26. Ra2 Qe1+ 27. Kg2 Ne4 28.
Qd3 Qxc1 29. Re2 Nd6 30. Rxe8+ Nxe8 31. d6 Nxd6 32. Qxd6 Qxc4 33. Qd8+ Kg7 34. Qe7 Qe6 35. Qd8 Qe4+ 36. Kh2 Qe2+ 37. Kg1 Qf3 38. Qc7 Qxg3+ 39. Kf1 Qf3+ 0-1

[Event "NJSK 2023 Jeugd B"]
[Site "Almelo, Netherlands"]
[Date "2023.05.06"]
[Round "7.5"]
[White "Blom, Rens"]
[Black "Guillaumond, Matthieu"]
[Result "1/2-1/2"]
[TimeControl "90min/40moves + 30min + 30sec/move"]
[WhiteElo "1747"]
[BlackElo "2010"]

1. c4 e6 2. e4 d5 3. cxd5 exd5 4. exd5 Nf6 5. Bb5+ Nbd7 6. Nc3 a6 7. Ba4 b5 8. Bb3 Bd6 9. Qe2+ Qe7 10.
d4 Bb7 11. Bg5 Qxe2+ 12. Ngxe2 b4 13. Na4 Nxd5 14. O-O O-O 15. Rac1 Rfe8 16. Rfe1 h6 17. Bd2 a5 18. Nc5 Bxc5 19.
dxc5 Ne5 20. Nd4 Nd3 21. c6 Ba6 22. Bxd5 Nxe1 23. Bxe1 Rad8 24. Bf3 Rxd4 25. a3 bxa3 26. b3 Be2 27.
Bxa5 Bxf3 28. gxf3 Red8 29. Kg2 Rd1 30. Rc2 R8d6 31. Bxc7 R6d2 32. Rc4 Rd4 33. Rxd4 Rxd4 34. Be5 Rd1 35.
b4 f6 36. b5 fxe5 37. c7 Rc1 38. b6 a2 39. b7 a1=Q 40. c8=Q+ Rxc8 41. bxc8=Q+ Kf7 42. Qd7+ Kg6 43.
Qe6+ Kh7 44. Qf5+ Kg8 45. Qe6+ Kf8 46. Qc8+ Kf7 1/2-1/2

[Event "NJSK 2023 Jeugd B"]
[Site "Almelo, Netherlands"]
[Date "2023.05.06"]
[Round "7.6"]
[White "Ritzerveld, Noah"]
[Black "Snijders, Take"]
[Result "1-0"]
[TimeControl "90min/40moves + 30min + 30sec/move"]
[WhiteElo "1776"]
[BlackElo "1851"]

1. e4 c6 2. d4 d5 3.
Nc3 dxe4 4. Nxe4 Nf6 5.
Nxf6+ exf6 6. c3 Bd6 7. Bd3 O-O 8.
Ne2 Re8 9. Qc2 h5 10. O-O h4 11. h3 Nd7 12. Be3 Nf8 13. b4 Be6 14. Rfe1 Qd7 15. Nf4 a5 16. a3 Qc7 17. Qd2 Bd5 18.
c4 Be6 19. Rac1 Bxf4 20. Bxf4 Qd7 21. bxa5 Qd8 22. Qb2 Qxa5 23. Qxb7 Qxa3 24. Be4 g5 25. Bxc6 Rec8 26. Bh2 Ra7 27.
Qb1 Rxc6 28. d5 Rc8 29. dxe6 Nxe6 30. c5 Ra6 31. Bd6 Rac6 32. Rxe6 fxe6 33. Qg6+ Kh8 34. Qxf6+ Kh7 35. Qf7+ Kh6 36. Re1 e5 37. Qf6+ Kh5 38.
Qf7+ Kh6 39. Bf8+ Rxf8 40. Qxf8+ Kh7 41. Qf5+ Kh6 42. Rxe5 Qc1+ 43. Kh2 Kh5 44. Qh7+ Rh6 45. Qf7+ Rg6 46.
Re6 1-0

[Event "NJSK 2023 Jeugd B"]
[Site "Almelo, Netherlands"]
[Date "2023.05.06"]
[Round "7.7"]
[White "Ponomarev, Ivan"]
[Black "Knippenberg, Hidde"]
[Result "0-1"]
[TimeControl "90min/40moves + 30min + 30sec/move"]
[WhiteElo "1788"]
[BlackElo "1728"]

1. c4 d6 2. g3 g6 3. Bg2 Bg7 4. Nc3 Nf6 5. d4 Nbd7 6. e4 O-O 7. Nf3 e5 8. d5 Nc5 9. Qc2 a5 10.
Be3 Nfd7 11. O-O f5 12. Rab1 f4 13. gxf4 exf4 14. Bd4 Bxd4 15. Nxd4 Ne5 16. Nf3 Nxc4 17. Na4 Nxa4 18. Qxa4 Nb6 19.
Qd4 Nd7 20. Rfe1 g5 21. h3 h5 22. e5 dxe5 23. Nxe5 Nxe5 24. Rxe5 Qf6 25. Rbe1 Bf5 26. Qc5 Rf7 27. Qb5 Qb6 28.
Qe2 Qg6 29. Be4 Raf8 30. f3 Qg7 31. Bxf5 Rxf5 32. Rxf5 Rxf5 33. Qe8+ Rf8 34. Qxh5 c6 35. dxc6 bxc6 36. Rd1 Qxb2 37.
Qxg5+ Qg7 38. Qxg7+ Kxg7 39. Rd7+ Kg6 40. Ra7 Rf5 41.
Ra6 Rc5 42. a4 Kg5 43. Ra8 Kh4 44. Kf2 Rc2+ 45. Ke1 Kxh3 46. Rxa5 Kg3 47. Kd1 Ra2 48. Rc5 Rxa4 49. Rxc6 Kxf3 50.
Ke1 Ra1+ 51. Kd2 Ra3 52. Rf6 Re3 53. Rf8 Re4 54. Kd3 Ra4 55. Rf7 Kf2 56. Rf8 Ra3+ 57. Ke4 Re3+ 58. Kd4 f3 59.
Rg8 Ke2 60. Ra8 f2 61. Ra2+ Kf3 62. Ra8 Re4+ 63. Kd5 f1=Q 0-1

[Event "NJSK 2023 Jeugd B"]
[Site "Almelo, Netherlands"]
[Date "2023.05.06"]
[Round "7.8"]
[White "Niemeijer, Leon"]
[Black "Veraart, Jan"]
[Result "1/2-1/2"]
[TimeControl "90min/40moves + 30min + 30sec/move"]
[WhiteElo "1903"]
[BlackElo "1560"]

1. d4 d5 2. c4 e6 3. Nf3 Nf6 4. g3 Bb4+ 5. Bd2 a5 6. Bg2 O-O 7. O-O dxc4 8. Bxb4 axb4 9. Ne5 c3 10.
bxc3 bxc3 11. Nxc3 c6 12. e3 Nbd7 13. Nd3 Ra3 14. Nb1 Ra5 15. a4 e5 16. Nd2 exd4 17. Nb3 Ra8 18. Nxd4 Qa5 19.
Qc2 Nd5 20. Nb3 Qd8 21. Rfd1 Qg5 22. h4 Qh5 23. Bxd5 cxd5 24. Nf4 Qf3 25. Nd2 Qg4 26. Nxd5 Ne5 27. Ne7+ Kh8 28. Nxc8 Rfxc8 29. Qe4 Qxe4 30. Nxe4 Rc4 31. Nd6 Rcxa4 32. Rxa4 Rxa4 33. Nxb7 g6 34. Kg2 h5 35. Nd6 Ra7 36. Rd4 Ng4 37.
Nc4 Re7 38. Kf3 Ne5+ 39. Nxe5 Rxe5 40. e4 Ra5 41. Kf4 Kg7 42. e5 Ra1 43. f3 Re1 44. Re4 Ra1 45. Rd4 Re1 46. Rd5 Re2 47. g4 hxg4 48. Kxg4 Re1 49.
f4 Rg1+ 50. Kf3 Rh1 51. Rd7 Kf8 52. Kg3 Rg1+ 53. Kf3 Rh1 54. Kg3 Rg1+ 55. Kf3 1/2-1/2